General information
- name: BNet
- type: Ladder team game (AT/RT)
- host: Battle.net
- saver: EatMyShorts!
map: GolemsInTheMist
- players: 8
- length: 26:51
- speed: Fast
- version: 1.28 W3XP
- replay type: Public
» download(196 KB)
Players
team 1 (loser)
Moogull (
green | 56 APM | 1490 actions | 26:50)
8 Demon Hunter
3 Mana Burn
3 Evasion
1 Metamorphosis
1 Immolation
» actions
| Assign group hotkey | 48 | |
| Basic commands | 299 | |
| Build / train | 56 | |
| ESC pressed | 5 | |
| Enter build submenu | 14 | |
| Enter hero's abilities submenu | 9 | |
| Give item / drop item | 2 | |
| Right click | 628 | |
| Select / deselect | 224 | |
| Select group hotkey | 171 | |
| Use ability | 34 | |
1490 total
» units
| Wisp | 14 | |
| Archer | 3 | |
| Chimaera | 11 | |
| Druid of the Talon | 1 | |
| Hippogryph | 1 | |
| Glaive Thrower | 3 | |
33 total
» upgrades
| Strength of the Wild | 3 | |
| Reinforced Hides | 3 | |
| Corrosive Breath | 1 | |
| Well Spring | 1 | |
8 total
» buildings
| Altar of Elders | 1 | |
| Moon Well | 5 | |
| Ancient of War | 1 | |
| Tree of Ages | 1 | |
| Hunter's Hall | 1 | |
| Ancient of Wind | 1 | |
| Tree of Eternity | 1 | |
| Ancient of Wonders | 1 | |
| Chimaera Roost | 2 | |
| Tree of Life | 1 | |
15 total
» build order
00:06 Altar of Elders
00:18 Moon Well
00:22 Ancient of War
01:41 Moon Well
02:49 Tree of Ages
03:14 Moon Well
03:22 Moon Well
03:44 Hunter's Hall
05:18 Ancient of Wind
05:43 Tree of Eternity
06:55 Ancient of Wonders
08:09 Chimaera Roost
08:10 Chimaera Roost
12:19 Moon Well
17:46 Tree of Life
» items
| Scroll of Town Portal | 1 | |
| Orb of Venom | 2 | |
| Orb of Corruption | 1 | |
4 total
Rugger57 (
red | 19 APM | 523 actions | 26:50)
5 Far Seer
3 Feral Spirit
2 Chain Lighting
1 Blademaster
1 Mirror Image
» actions
| Basic commands | 1 | |
| Build / train | 60 | |
| Enter build submenu | 20 | |
| Enter hero's abilities submenu | 7 | |
| Right click | 205 | |
| Select / deselect | 190 | |
| Use ability | 40 | |
523 total
» units
| Peon | 6 | |
| Grunt | 1 | |
| Troll Headhunter/Berserker | 27 | |
| Goblin Shredder | 1 | |
| Demolisher | 8 | |
43 total
» upgrades
| Ranged Weapons | 3 | |
| Spiked Barricades | 3 | |
| Berserker Upgrade | 1 | |
7 total
» buildings
| Altar of Storms | 1 | |
| Orc Burrow | 8 | |
| Barracks | 1 | |
| War Mill | 1 | |
| Watch Tower | 8 | |
| Stronghold | 1 | |
| Fortress | 1 | |
| Great Hall | 1 | |
22 total
» build order
00:14 Altar of Storms
00:25 Orc Burrow
00:36 Barracks
01:44 War Mill
02:51 Orc Burrow
03:49 Orc Burrow
05:03 Watch Tower
06:55 Orc Burrow
07:57 Watch Tower
08:04 Stronghold
08:32 Watch Tower
09:16 Watch Tower
09:40 Orc Burrow
12:29 Fortress
14:16 Watch Tower
14:33 Orc Burrow
15:34 Watch Tower
17:17 Watch Tower
20:51 Watch Tower
21:49 Orc Burrow
22:52 Orc Burrow
24:49 Great Hall
BuRn_OnE (
orange | 22 APM | 602 actions | 26:50)
6 Death Knight
2 Death Coil
1 Death Pact
3 Unholy Aura
» actions
| Build / train | 66 | |
| Enter build submenu | 22 | |
| Enter hero's abilities submenu | 7 | |
| Give item / drop item | 3 | |
| Remove unit from queue | 1 | |
| Right click | 264 | |
| Select / deselect | 176 | |
| Use ability | 63 | |
602 total
» units
| Acolyte | 12 | |
| Ghoul | 4 | |
| Crypt Fiend | 19 | |
| Frost Wyrm | 3 | |
38 total
» upgrades
| Web | 1 | |
| Creature Attack | 3 | |
| Creature Carapace | 3 | |
| Freezing Breath | 1 | |
8 total
» buildings
| Graveyard | 1 | |
| Crypt | 1 | |
| Altar of Darkness | 1 | |
| Ziggurat | 9 | |
| Tomb of Relics | 1 | |
| Halls of the Dead | 1 | |
| Black Citadel | 1 | |
| Necropolis | 2 | |
| Sacrificial Pit | 1 | |
| Boneyard | 3 | |
21 total
» build order
00:43 Graveyard
00:46 Crypt
00:49 Altar of Darkness
00:57 Ziggurat
01:57 Ziggurat
02:01 Tomb of Relics
03:59 Ziggurat
04:43 Halls of the Dead
05:20 Ziggurat
07:45 Black Citadel
12:04 Necropolis
18:07 Sacrificial Pit
20:03 Boneyard
20:07 Boneyard
20:11 Boneyard
20:41 Necropolis
21:35 Ziggurat
21:38 Ziggurat
21:41 Ziggurat
21:44 Ziggurat
21:47 Ziggurat
» items
| Rod of Necromancy | 3 | |
| Scroll of Town Portal | 2 | |
| Potion of Healing | 4 | |
| Potion of Mana | 2 | |
11 total
TYLER.DURDEN (
pink | 37 APM | 1003 actions | 26:50)
7 Death Knight
3 Death Coil
3 Unholy Aura
1 Animate Dead
» actions
| Build / train | 57 | |
| Enter build submenu | 19 | |
| Enter hero's abilities submenu | 7 | |
| Give item / drop item | 1 | |
| Remove unit from queue | 1 | |
| Right click | 562 | |
| Select / deselect | 297 | |
| Use ability | 59 | |
1003 total
» units
| Acolyte | 3 | |
| Ghoul | 16 | |
| Gargoyle | 10 | |
29 total
» upgrades
| Creature Attack | 3 | |
| Creature Carapace | 2 | |
5 total
» buildings
| Crypt | 2 | |
| Ziggurat | 6 | |
| Tomb of Relics | 1 | |
| Altar of Darkness | 1 | |
| Halls of the Dead | 1 | |
| Graveyard | 1 | |
| Black Citadel | 1 | |
| Sacrificial Pit | 1 | |
| Necropolis | 3 | |
17 total
» build order
00:09 Crypt
00:12 Crypt
00:17 Ziggurat
01:15 Ziggurat
01:21 Tomb of Relics
02:03 Altar of Darkness
02:43 Ziggurat
06:57 Halls of the Dead
07:02 Graveyard
09:15 Ziggurat
09:17 Ziggurat
16:46 Black Citadel
20:35 Ziggurat
20:40 Sacrificial Pit
22:40 Necropolis
23:40 Necropolis
24:54 Necropolis
» items
| Rod of Necromancy | 1 | |
| Dust of Appearance | 1 | |
| Scroll of Town Portal | 3 | |
| Potion of Healing | 5 | |
| Potion of Mana | 2 | |
12 total
team 2 (winner)
EatMyShorts! (
teal | 30 APM | 815 actions | 26:51)
» actions
| Assign group hotkey | 4 | |
| Basic commands | 3 | |
| Build / train | 55 | |
| Enter build submenu | 64 | |
| Remove unit from queue | 2 | |
| Right click | 282 | |
| Select / deselect | 274 | |
| Select group hotkey | 5 | |
| Use ability | 126 | |
815 total
» units
| Peasant | 15 | |
| Goblin Shredder | 1 | |
16 total
» upgrades
| Masonry | 3 | |
| Lumber Harvesting | 1 | |
4 total
» buildings
| Lumber Mill | 1 | |
| Scout Tower | 72 | |
| Arcane Tower | 1 | |
| Guard Tower | 30 | |
| Farm | 2 | |
| Keep | 1 | |
| Altar of Kings | 1 | |
| Town Hall | 1 | |
| Castle | 1 | |
| Arcane Vault | 1 | |
111 total
» build order
00:25 Lumber Mill
00:31 Scout Tower
00:34 Scout Tower
00:39 Scout Tower
00:41 Scout Tower
00:42 Scout Tower
01:02 Arcane Tower
01:11 Scout Tower
01:43 Guard Tower
02:05 Scout Tower
02:08 Scout Tower
02:12 Scout Tower
02:23 Guard Tower
02:26 Guard Tower
03:19 Guard Tower
03:23 Guard Tower
03:31 Farm
03:56 Farm
05:13 Keep
05:55 Scout Tower
05:56 Scout Tower
06:00 Scout Tower
06:01 Scout Tower
06:04 Scout Tower
06:05 Scout Tower
06:34 Guard Tower
06:42 Scout Tower
07:01 Guard Tower
07:02 Guard Tower
07:04 Guard Tower
07:04 Guard Tower
07:32 Guard Tower
07:36 Scout Tower
07:36 Scout Tower
07:47 Scout Tower
07:48 Scout Tower
07:59 Altar of Kings
08:04 Guard Tower
08:10 Guard Tower
08:16 Scout Tower
08:17 Scout Tower
08:35 Guard Tower
09:19 Guard Tower
09:41 Town Hall
10:04 Castle
11:08 Scout Tower
11:09 Scout Tower
11:10 Scout Tower
11:47 Guard Tower
12:51 Scout Tower
12:52 Scout Tower
12:53 Scout Tower
12:54 Scout Tower
12:55 Scout Tower
13:01 Scout Tower
13:02 Scout Tower
13:03 Scout Tower
13:03 Scout Tower
13:07 Scout Tower
13:08 Scout Tower
13:09 Scout Tower
13:23 Guard Tower
13:32 Guard Tower
14:00 Guard Tower
14:10 Guard Tower
14:11 Guard Tower
15:01 Guard Tower
15:24 Scout Tower
15:27 Scout Tower
15:31 Scout Tower
15:33 Scout Tower
15:34 Scout Tower
15:38 Scout Tower
15:40 Scout Tower
16:41 Arcane Vault
18:34 Scout Tower
18:35 Scout Tower
18:37 Scout Tower
18:38 Scout Tower
18:40 Scout Tower
18:41 Scout Tower
18:42 Scout Tower
18:43 Scout Tower
18:44 Scout Tower
18:44 Scout Tower
18:46 Scout Tower
18:47 Scout Tower
18:48 Scout Tower
18:49 Scout Tower
18:51 Scout Tower
18:51 Scout Tower
18:59 Scout Tower
19:00 Scout Tower
19:01 Scout Tower
19:02 Scout Tower
19:19 Guard Tower
19:53 Guard Tower
20:00 Guard Tower
20:08 Guard Tower
20:19 Guard Tower
20:26 Scout Tower
20:26 Scout Tower
20:32 Scout Tower
20:33 Scout Tower
20:34 Scout Tower
20:35 Scout Tower
20:38 Guard Tower
20:40 Scout Tower
20:41 Scout Tower
21:01 Guard Tower
21:21 Guard Tower
HenriGMano (
yellow | 46 APM | 864 actions | 18:47)
5 Demon Hunter
3 Mana Burn
2 Evasion
3 Priestess of the Moon
1 Searing Arrows
2 Trueshot Aura
» actions
| Assign group hotkey | 2 | |
| Basic commands | 17 | |
| Build / train | 72 | |
| Enter build submenu | 13 | |
| Enter hero's abilities submenu | 8 | |
| Right click | 407 | |
| Select / deselect | 290 | |
| Select group hotkey | 7 | |
| Use ability | 48 | |
864 total
» units
| Wisp | 17 | |
| Archer | 7 | |
| Huntress | 9 | |
| Druid of the Claw | 1 | |
| Dryad | 8 | |
| Hippogryph | 11 | |
| Chimaera | 3 | |
56 total
» upgrades
| Strength of the Moon | 1 | |
| Druid of the Claw Training | 1 | |
| Nature's Blessing | 1 | |
3 total
» buildings
| Altar of Elders | 1 | |
| Moon Well | 5 | |
| Ancient of War | 1 | |
| Hunter's Hall | 1 | |
| Tree of Ages | 1 | |
| Tree of Life | 1 | |
| Ancient of Lore | 1 | |
| Tree of Eternity | 1 | |
| Ancient of Wind | 1 | |
| Chimaera Roost | 1 | |
14 total
» build order
00:09 Altar of Elders
00:16 Moon Well
00:43 Ancient of War
01:55 Moon Well
02:20 Hunter's Hall
03:00 Moon Well
04:16 Tree of Ages
05:08 Tree of Life
05:39 Moon Well
08:53 Ancient of Lore
09:02 Tree of Eternity
09:37 Ancient of Wind
12:23 Chimaera Roost
13:38 Moon Well
» items

»
2tanley2ucci (
blue | 14 APM | 364 actions | 26:50)
3 Tauren Chieftain
2 Endurance Aura
1 War Stomp
» actions
| Assign group hotkey | 8 | |
| Basic commands | 11 | |
| Build / train | 16 | |
| ESC pressed | 1 | |
| Enter build submenu | 8 | |
| Enter hero's abilities submenu | 3 | |
| Right click | 123 | |
| Select / deselect | 130 | |
| Select group hotkey | 43 | |
| Use ability | 21 | |
364 total
» units
» upgrades
» buildings
| Altar of Storms | 1 | |
| Orc Burrow | 3 | |
| Barracks | 2 | |
| Voodoo Lounge | 1 | |
| War Mill | 1 | |
8 total
» build order
00:04 Altar of Storms
00:25 Orc Burrow
00:34 Barracks
01:32 Voodoo Lounge
01:56 Orc Burrow
03:07 Barracks
03:58 War Mill
04:33 Orc Burrow
» items

»
barcan47 (
purple | 34 APM | 545 actions | 15:56)
4 Far Seer
2 Feral Spirit
2 Chain Lighting
» actions
| Assign group hotkey | 18 | |
| Basic commands | 22 | |
| Build / train | 55 | |
| Enter build submenu | 17 | |
| Enter hero's abilities submenu | 4 | |
| Give item / drop item | 1 | |
| Remove unit from queue | 1 | |
| Right click | 104 | |
| Select / deselect | 179 | |
| Select group hotkey | 106 | |
| Use ability | 38 | |
545 total
» units
| Peon | 11 | |
| Grunt | 8 | |
| Shaman | 3 | |
| Tauren | 4 | |
| Troll Headhunter/Berserker | 4 | |
30 total
» upgrades
| Melee Weapons | 1 | |
| Armor | 1 | |
| Berserker Strength | 1 | |
| Shaman Training | 2 | |
| Pulverize | 1 | |
| Troll Regeneration | 1 | |
| Berserker Upgrade | 1 | |
8 total
» buildings
| Altar of Storms | 1 | |
| Orc Burrow | 5 | |
| Barracks | 2 | |
| Voodoo Lounge | 1 | |
| Stronghold | 1 | |
| War Mill | 1 | |
| Fortress | 1 | |
| Spirit Lodge | 3 | |
| Tauren Totem | 2 | |
17 total
» build order
00:12 Altar of Storms
00:17 Orc Burrow
00:29 Barracks
01:20 Orc Burrow
01:54 Voodoo Lounge
02:55 Orc Burrow
04:01 Stronghold
04:56 War Mill
05:47 Orc Burrow
06:45 Fortress
07:52 Spirit Lodge
07:57 Spirit Lodge
08:18 Spirit Lodge
09:15 Tauren Totem
09:25 Tauren Totem
13:28 Barracks
14:02 Orc Burrow
» items
| Lesser Clarity Potion | 3 | |
| Scroll of Speed | 1 | |
| Healing Salve | 1 | |
| Orb of Lightning | 1 | |
| Scroll of Town Portal | 1 | |
| Potion of Healing | 2 | |
9 total
Chat log
(00:09 / All) Moogull: glhf
(00:13 / Allies) 2tanley2ucci: you too
(00:36 / Allies) barcan47: hi
(00:39 / Allies) 2tanley2ucci: hi
(00:41 / Allies) 2tanley2ucci: should we rush?
(00:46 / Allies) barcan47: sure
(04:06 / Allies) 2tanley2ucci: ready to rush?
(04:12 / Allies) barcan47: ya
(04:16 / Allies) EatMyShorts!: coming
(04:32 / Allies) EatMyShorts!: where meet?
(06:18 / Allies) 2tanley2ucci: teal
(06:21 / Allies) 2tanley2ucci: are youi fuckiung serous
(06:47 / Allies) 2tanley2ucci: teal
(06:51 / Allies) 2tanley2ucci: you fucking troll
(06:55 / Allies) EatMyShorts!: Wuh?
(07:02 / Allies) 2tanley2ucci: towers
(07:03 / Allies) 2tanley2ucci: you serious
(07:22 / Allies) EatMyShorts!: Well they'll be leaking from your base like a sieve soon
(07:27 / Allies) EatMyShorts!: I think I'll try my best to help yellow
(07:31 / Allies) 2tanley2ucci: nigga
(07:32 / Allies) 2tanley2ucci: make units
(07:34 / Allies) 2tanley2ucci: you dumb fuck
(07:41 / Allies) EatMyShorts!: Didn't help you much
(07:43 / Allies) 2tanley2ucci: you troll ass nigga
(07:44 / Allies) 2tanley2ucci: gtfo
(07:50 / Allies) 2tanley2ucci: you didnt even build an altar
(07:52 / Allies) EatMyShorts!: At least I still have a base
(07:56 / Allies) 2tanley2ucci: yeah
(08:06 / Allies) 2tanley2ucci: thats the best you got?
(08:12 / Allies) 2tanley2ucci: jesus christ
(08:16 / Allies) 2tanley2ucci: nigga
(08:19 / Allies) 2tanley2ucci: im gonna TK you
(08:22 / Allies) 2tanley2ucci: every fucking time now
(08:23 / Allies) EatMyShorts!: How?
(08:30 / Allies) 2tanley2ucci: because like 8 people play 4v4
(08:33 / Allies) EatMyShorts!: Oh, are you putting me on your list?
(08:38 / Allies) 2tanley2ucci: so im bound to be matched with your bird ass
(08:39 / Allies) 2tanley2ucci: yeah nigga
(08:40 / Allies) EatMyShorts!: Am I on your naughty list?
(08:43 / Allies) 2tanley2ucci: your name is easy AF to remember
(08:47 / Allies) 2tanley2ucci: nah
(08:52 / Allies) 2tanley2ucci: but my guess is that your 30
(08:56 / Allies) 2tanley2ucci: and youre somehow still single
(09:00 / Allies) 2tanley2ucci: and thats sad enough
(09:16 / Allies) 2tanley2ucci: yellow
(09:16 / Allies) EatMyShorts!: Have you been peeping behind doors, and in the bushes? You must have or else you couldn't have known it
(09:24 / Allies) 2tanley2ucci: you know he's gonna tk you right?
(09:30 / Allies) EatMyShorts!: Am not!
(09:31 / Allies) 2tanley2ucci: honestly though
(09:38 / Allies) 2tanley2ucci: why are you wasting everyones time?
(09:52 / Allies) EatMyShorts!: Who me? I don't think I'm wasting anyone's tiem
(09:59 / Allies) 2tanley2ucci: nah nigga
(10:02 / Allies) 2tanley2ucci: everyone else im talking to
(10:08 / Allies) 2tanley2ucci: you dense moron
(10:14 / Allies) EatMyShorts!: Well what a queer thing to say!
(10:22 / Allies) 2tanley2ucci: so
(10:26 / Allies) 2tanley2ucci: why do you troll though?
(10:34 / Allies) 2tanley2ucci: i wanna know why you boot up a 15 year old game
(10:40 / Allies) EatMyShorts!: How can I waste the time of the people seeking to waste time any more than they waste their own time!?
(10:49 / Allies) 2tanley2ucci: holy fuck
(10:54 / Allies) 2tanley2ucci: i know youre giggling in your seat
(11:02 / Allies) EatMyShorts!: Only a little
(11:05 / Allies) EatMyShorts!: You are such a strange little man
(11:08 / Allies) 2tanley2ucci: maybe i am in a bush
(11:11 / Allies) 2tanley2ucci: nigga im 6'3
(11:34 / Allies) 2tanley2ucci: yellow and purple
(11:40 / Allies) 2tanley2ucci: why are you still playing?
(11:42 / Allies) EatMyShorts!: That's how tall you are on your NBA2k create a player
(11:45 / Allies) EatMyShorts!: ?
(11:51 / Allies) 2tanley2ucci: nah im actually 6'3
(12:08 / All) 2tanley2ucci: yo guys
(12:11 / All) 2tanley2ucci: bottom base
(12:14 / All) 2tanley2ucci: is all towers
(12:18 / All) 2tanley2ucci: all teal did was build towers
(12:24 / All) 2tanley2ucci: 2v4 right now
(12:26 / All) EatMyShorts!: You rat fink! Selling me out to the enemy!
(12:46 / All) EatMyShorts!: Blue is a Mata Hari traitor bitch!
(12:49 / All) 2tanley2ucci: orange
(12:53 / All) 2tanley2ucci: dont even bother expo
(13:02 / All) 2tanley2ucci: its 2v4 right now
(13:19 / All) EatMyShorts!: You troll! YOu double agent!
(13:39 / All) 2tanley2ucci: orange
(13:42 / All) 2tanley2ucci: youre wasting your time nigga
(13:45 / All) 2tanley2ucci: go for teal
(13:47 / All) 2tanley2ucci: bottom base
(14:01 / All) 2tanley2ucci: 12 towers are being built
(14:04 / All) 2tanley2ucci: At the entrance
(14:13 / All) 2tanley2ucci: another 6 towards the goblin vendor
(14:57 / Allies) 2tanley2ucci: teal
(15:06 / Allies) 2tanley2ucci: you 30 year old lonely fuck
(15:14 / Allies) 2tanley2ucci: why are you trolling?
(15:15 / Allies) EatMyShorts!: So? Will you keep me company?
(15:21 / Allies) 2tanley2ucci: i am
(16:48 / All) 2tanley2ucci: pink
(16:51 / All) 2tanley2ucci: dont even bother
(17:00 / All) 2tanley2ucci: yellow's base has some of teals towers in it
(17:14 / All) 2tanley2ucci: yall take out yellow, and its over
(17:21 / Allies) EatMyShorts!: His base and minea re the last two, I must be a strategic mastermind
(17:35 / Allies) 2tanley2ucci: how is that?
(17:39 / Allies) EatMyShorts!: Shame we had to pull deadweight like you though
(17:41 / Allies) 2tanley2ucci: you're going to lose
(17:49 / Allies) 2tanley2ucci: not a great tactic
(17:57 / Allies) EatMyShorts!: You got creamed within the opening salvo!
(18:00 / Allies) 2tanley2ucci: how white are you?
(18:24 / Allies) EatMyShorts!: Are you a Negro?
(18:29 / Allies) 2tanley2ucci: nope
(18:35 / Allies) 2tanley2ucci: i just know you're white AF
(18:38 / Allies) 2tanley2ucci: playing warcraft 3
(18:40 / Allies) 2tanley2ucci: trolling
(18:43 / Allies) 2tanley2ucci: so i gotta ask myself
(18:55 / Allies) EatMyShorts!: It's OKAY to be white
(19:28 / Allies) EatMyShorts!: Hah! I even got a hero kill!
(19:34 / Allies) EatMyShorts!: I'm going to really best you on that score card!
(20:00 / Allies) 2tanley2ucci: teal
(20:03 / Allies) 2tanley2ucci: who did you vote for?
(20:15 / Allies) EatMyShorts!: President Donald J. Trump of course!
(20:15 / Allies) 2tanley2ucci: bet you're one of those tear it all down niggas?
(20:38 / All) 2tanley2ucci: teal has about 40 towers in the works
(20:41 / All) 2tanley2ucci: and no hero
(20:47 / All) BuRn_OnE: lol
(21:10 / Allies) 2tanley2ucci: teal
(21:10 / Allies) EatMyShorts!: Did you stay this whole time because you have a crush on me, is htat it?
(21:14 / Allies) 2tanley2ucci: nah
(21:18 / Allies) 2tanley2ucci: so that if you did that trolling shit
(21:22 / Allies) 2tanley2ucci: where you make bases
(21:27 / Allies) 2tanley2ucci: im gonna let them know where they are
(21:36 / Allies) EatMyShorts!: I see
(21:40 / Allies) 2tanley2ucci: nigga
(21:47 / Allies) 2tanley2ucci: talk to me like a real person
(21:56 / Allies) 2tanley2ucci: not some autistic single 30 year old
(22:27 / Allies) EatMyShorts!: Hark! What didst thou say? I canst hear thee over the sound of my glorious towers!
(23:22 / All) 2tanley2ucci: get that peasant red
(23:30 / All) 2tanley2ucci: its the only one on the run
(23:52 / All) EatMyShorts!: Cleon falls due to the loose lips of a Mata Hari bitch!
(23:54 / All) EatMyShorts!: RIP
(24:02 / All) 2tanley2ucci: homie
(24:07 / All) 2tanley2ucci: i hope you die of fucking aids
(24:19 / Allies) EatMyShorts!: What's ur prob cuh? U got beef?
(24:35 / Allies) 2tanley2ucci: yup
(24:40 / Allies) 2tanley2ucci: whats your address
(24:45 / Allies) 2tanley2ucci: so i can send you a glitter bomb
(25:08 / Allies) EatMyShorts!: I live in Compton
(25:13 / Allies) 2tanley2ucci: no you dont
(25:21 / Allies) 2tanley2ucci: my guess is maryland
(25:24 / Allies) EatMyShorts!: See me tonight at midnight, and wear your red MAKE AMERICA GREAT AGAIN hat so I will know it's you
(25:43 / Allies) EatMyShorts!: I will be wearing my wrestling leotard, prepared to suplex your punk ass!
(25:49 / Allies) 2tanley2ucci: nigga
(25:50 / Allies) 2tanley2ucci: stfu
(26:04 / Allies) 2tanley2ucci: whats your 4chan name?
(26:20 / Allies) EatMyShorts!: I believe it's Anonymous
(26:24 / All) BuRn_OnE: lol eatmy shorts
(26:27 / Allies) 2tanley2ucci: of course it is
(26:29 / Allies) 2tanley2ucci: you know that
(26:30 / All) BuRn_OnE: gg
(26:32 / Allies) 2tanley2ucci: because youre an autistic fuck
(26:33 / All) Moogull: gg
(26:35 / Allies) 2tanley2ucci: who lurks that shit
(26:37 / Allies) 2tanley2ucci: faggot
(26:40 / Allies) 2tanley2ucci: walked right into that one
(26:43 / Allies) EatMyShorts!: I believe most people have visited 4chan
(26:49 / Allies) EatMyShorts!: Millennial Americans